Unix NetHack Version 3.7.0-101 Work-in-progress - last build Mar 25 2024 11:18:41 (462964f8eaac915e699fc3a71b43428251fec12b,branch:master). Game began 2024-03-27 13:21:04, ended 2024-03-27 17:59:11. elenmirie, neutral female gnomish Archeologist | --..---- |......--- |.....@..- -- ---.....- |/..G..| |......| --....G- ...... ....... ...?.... .......... .......... ........... ..*...>...... .....--.|.---- --.--- ---- -- Elenmirie the Field Worker St:13 Dx:8 Co:12 In:15 Wi:14 Ch:13 Neutral Dlvl:8 $:305 HP:0(31) Pw:24(24) AC:9 Xp:4/95 T:1608 Latest messages: You see here a splint mail. You see here a large box. Hmmm, the large box turns out to be locked. You hear some noises in the distance. The door opens. You descend the stairs. You see here a fortune cookie. p - a fortune cookie. $ - 6 gold pieces (305 in total). You climb up the stairs. Where do you want to travel to? (For instructions type a '?') You swap places with Yermak. You descend the stairs. Yermak misses the giant ant. Yermak misses the giant ant. You miss the giant ant. Yermak misses the giant ant. The giant ant bites! Yermak misses the giant ant. You lash the giant ant. Yermak bites the giant ant. The giant ant misses Yermak. The giant ant bites! The giant ant bites! Yermak bites the giant ant. The giant ant is killed! The giant ant bites! You miss the giant ant. Yermak eats a giant ant corpse. The giant ant bites! The giant ant bites! You miss the giant ant. The giant ant bites! The giant ant bites! You can't go up here. You can't go up here. You lash the giant ant. The giant ant bites! You lash the giant ant. Yermak bites the giant ant. The giant ant is killed! A trap door opens up under you! You fall down a very deep shaft! You die... Do you want your possessions identified? [ynq] (y) y Do you want to see your attributes? [ynq] (y) y Do you want an account of creatures vanquished? [ynaq] (y) y Do you want to see your conduct and achievements? [ynq] (y) y Do you want to see the dungeon overview? [ynq] (y) y Inventory: Coins $ - 305 gold pieces Weapons j - 31 uncursed +0 darts (at the ready) k - 6 cursed -1 darts a - an uncursed +2 bullwhip (weapon in right hand) Armor c - an uncursed +0 fedora (being worn) v - a cursed -1 robe b - an uncursed +0 leather jacket (being worn) Comestibles m - an uncursed cram ration d - 2 uncursed food rations p - an uncursed fortune cookie l - a cursed fortune cookie Scrolls f - an uncursed scroll of enchant armor Potions h - an uncursed potion of extra healing Wands n - an uncursed wand of undead turning (0:2) Tools w - an uncursed sack containing 4 items s - an uncursed figurine of a shocking sphere i - an uncursed tin whistle t - an uncursed tinning kit (0:51) Gems/Stones g - an uncursed touchstone Contents of the sack: an uncursed scroll of scare monster a cursed potion of full healing an uncursed potion of object detection an uncursed +0 pick-axe Elenmirie the Archeologist's attributes: Background: You were a Field Worker, a level 4 female gnomish Archeologist. You were neutral, nominally on a mission for Camaxtli who was opposed by Quetzalcoatl (lawful) and Huhetotl (chaotic). You were right-handed. You were in the Gnomish Mines, on level 8. You entered the dungeon 1608 turns ago. You had 95 experience points, 65 more were needed to attain level 5. Basics: You had 0 out of 31 hit points. You had all 24 energy points (spell power). Your armor class was 9. Your wallet contained 305 zorkmids. Autopickup was on for '$' plus thrown. Final Characteristics: Your strength was 13 (limit:18/50). Your dexterity was 8 (limit:18). Your constitution was 12 (limit:18). Your intelligence was 15 (limit:19). Your wisdom was 14 (limit:18). Your charisma was 13 (limit:18). Final Status: You weren't hungry. You were unencumbered. You were wielding a whip. You had basic skill with whip. Final Attributes: You were devoutly aligned. You were telepathic. You had automatic searching. You had infravision. You are dead. Miscellaneous: You never encountered a bones level. Total elapsed playing time was 39 minutes and 25 seconds. Major events: Turn 1: elenmirie the neutral female gnomish Archeologist entered the dungeon 904: attained the rank of Field Worker (level 3) 1600: entered the Gnomish Mines 1608: killed by falling down a mine shaft Vanquished creatures: 2 giant ants 2 floating eyes a homunculus 2 iguanas 2 coyotes a gas spore 2 giant rats a brown mold a gnome a gecko 5 jackals a goblin 2 sewer rats 3 grid bugs 6 lichens a kobold zombie 7 newts 40 creatures vanquished. No species were genocided or became extinct. Voluntary challenges: You were an atheist. You were illiterate. You never engraved Elbereth. You never genocided any monsters. You never polymorphed an object. You never changed form. You used no wishes. Achievements: You entered a shop. You attained the rank of Field Worker. You entered the Gnomish Mines. The Dungeons of Doom: levels 1 to 4 Level 1: A fountain, a sink. Level 2: Level 3: Stairs down to The Gnomish Mines. Level 4: The Gnomish Mines: levels 4 to 8 Level 4: Level 8: <- You were here. Final resting place for you, killed by falling down a mine shaft. Game over: ---------- / \ / REST \ / IN \ / PEACE \ / \ | elenmirie | | 305 Au | | killed by | | falling down a | | mine shaft | | | | 2024 | *| * * * | * _________)/\\_//(\/(/\)/\//\/|_)_______ Goodbye elenmirie the Archeologist... You died in The Gnomish Mines on dungeon level 8 with 1005 points, and 305 pieces of gold, after 1608 moves. You were level 4 with a maximum of 31 hit points when you died.